 Dungeon Crawl Stone Soup version 0.24-a0-520-g8fd06ad0bc (webtiles) character file.

Game seed: 69694177643127666

16 Iscandelvey the Vexing (level 2, 10/21 HPs)
             Began as a Demonspawn Arcane Marksman on July 25, 2019.
             Quit the game on level 2 of the Dungeon.
             The game lasted 00:00:19 (536 turns).

Iscandelvey the Vexing (Demonspawn Arcane Marksman)  Turns: 536, Time: 00:00:20

Health: 10/21      AC:  2    Str: 10    XL:     2   Next: 37%
Magic:  3/3        EV: 12    Int: 14    God:
Gold:   29         SH:  0    Dex: 13    Spells: 2/3 levels left

rFire    . . .     SeeInvis .   a - +0 hunting sling
rCold    . . .     Gourm    .   (no shield)
rNeg     . . .     Faith    .   e - +0 robe
rPois    .         Spirit   .   (no helmet)
rElec    .         Reflect  .   (no cloak)
rCorr    .         Harm     .   (no gloves)
MR       .....                  (no boots)
Stlth    ++........             (no amulet)
HPRegen  0.07/turn              (no ring)
MPRegen  0.08/turn              (no ring)

@: no status effects
A: nightstalker 1
a: no special abilities


You were on level 2 of the Dungeon.
You were not hungry.

You visited 1 branch of the dungeon, and saw 2 of its levels.

You collected 29 gold pieces.

Inventory:

Hand Weapons
 a - a +0 hunting sling (weapon)
Missiles
 b - 29 stones
 d - 16 sling bullets (quivered)
Armour
 e - a +0 robe (worn)
Jewellery
 g - a cursed ring of teleportation {unknown}
Scrolls
 c - a scroll of enchant armour {unknown}
 h - a scroll of identify {unknown}
 i - a scroll of noise {unknown}
 j - a scroll of teleportation {unknown}
Potions
 k - 2 potions of curing {unknown}
Comestibles
 f - 5 rations


   Skills:
 + Level 1.0 Fighting
 + Level 2.0 Slings
 + Level 2.1 Dodging
 + Level 1.0 Spellcasting
 + Level 3.4 Hexes


You had 2 spell levels left.
You knew the following spells:

 Your Spells              Type           Power        Failure   Level  Hunger
a - Corona                Hex            ##.....      6%          1    ##.....

Your spell library contained the following spells:

 Spells                   Type           Power        Failure   Level  Hunger
 Slow                     Hex            ##......     10%         2    ###....
 Inner Flame              Hex/Fire       #.......     36%         3    ####...
 Portal Projectile        Hex/Tloc       #.....       36%         3    ####...
 Cause Fear               Hex            ##........   54%         4    #####..
 Leda's Liquefaction      Hex/Erth       #.........   78%         4    #####..


Dungeon Overview and Level Annotations

Branches:
Dungeon (2/15)

Altars:


Innate Abilities, Weirdness & Mutations

You are slightly more attuned to the shadows.


Message History

d - 15 sling bullets (gained 1)
You feel sick.
You are no longer poisoned.
f - 5 rations (gained 1) Key pressed, stopping explore.
No target in view!
d - 16 sling bullets (gained 1)
A kobold comes into view. It is wielding a +0 whip.
The kobold throws a stone.
The stone hits you.
You see here a stone.
You are too injured to fight recklessly!
A kobold is nearby!
You are too injured to fight recklessly!
You are too injured to fight recklessly!
A kobold is nearby!
A kobold is nearby!
You are too injured to fight recklessly!
A kobold is nearby!
You are too injured to fight recklessly!
Are you sure you want to abandon this character and quit the game? (Confirm with "yes".)

K. .## #. .. .
#.##.##..?....
#....(.......
#...##.....
#....#....#+
###@.....##...
+..........######
####.>...†.......
#####†..#####
#.### #.# #.# #.#
#.#


You could see a kobold.

Vanquished Creatures
  An adder (D:2)
  A goblin (D:1)
  A kobold (D:1)
  3 bats (D:1)
  A frilled lizard (D:1)
  A rat (D:2)
8 creatures vanquished.

Notes
Turn   | Place    | Note
-------+----------+-------------------------------------------
     0 | D:1      | Iscandelvey the Demonspawn Arcane Marksman began the quest
                  | for the Orb.
     0 | D:1      | Reached XP level 1. HP: 15/15 MP: 2/2
   513 | D:2      | Gained mutation: You are slightly more attuned to the
                  | shadows. [demonic ancestry]
   513 | D:2      | Reached XP level 2. HP: 17/21 MP: 3/3
   536 | D:2      | Quit the game

Levels and vault maps discovered:
D:1:      eino_arrival_cavern_b, layout_basic
D:2:      layout_basic, chequers_ecumenical_altar_grove, first_ration

Skill      XL: |  1 |
---------------+----+-----
Slings         | 2 |  2.0
Dodging        | 2 |  2.1
Fighting       | |  1.0
Spellcasting   | |  1.0
Hexes          | |  3.4

Action                   || total
-------------------------++-------
 Fire: Hunting sling     ||    19
Armor: Robe              ||     1
Dodge: Dodged            ||     6

Table legend:
 A = Non-vault XP
 B = Vault XP
 C = Vault XP percentage of total XP
 D = Non-vault monster count
 E = Vault monster count
 F = Vault count percentage of total count
                 A         B        C        D         E       F
            +---------+---------+-------+---------+---------+-------
      Total |      23 |       0 |   0.0 |       8 |       0 |   0.0
            +---------+---------+-------+---------+---------+-------
        D:1 |       9 |       0 |   0.0 |       6 |       0 |   0.0
        D:2 |      14 |       0 |   0.0 |       2 |       0 |   0.0
            +---------+---------+-------+---------+---------+-------
